 Dungeon Crawl Stone Soup version 0.26.1-11-gd32895ea62 (webtiles) character file.

Game seed: 13777440175617021949

93 promet the Vandal (level 4, -11/43 HPs)
             Began as a Halfling Hunter on June 25, 2021.
             Killed by nerve-wracking pain
             ... invoked by an orc priest
              (12 damage)
             ... on level 2 of the Dungeon.
             The game lasted 00:09:53 (1886 turns).

promet the Vandal (Halfling Hunter)                 Turns: 1886, Time: 00:09:54

Health: -11/43     AC:  9    Str: 13    XL:     4   Next: 91%
Magic:  4/4        EV: 12    Int: 10    God:
Gold:   87         SH:  0    Dex: 14    Spells: 3/3 levels left

rFire    . . .     SeeInvis .   a - +1 dagger (venom)
rCold    . . .     Faith    .   (shield restricted)
rNeg     . . .     Spirit   .   o - +0 scale mail
rPois    .         Reflect  .   (no helmet)
rElec    .         Harm     .   (no cloak)
rCorr    .         Rampage  .   (no gloves)
Will     .....                  j - +2 pair of boots
Stlth    ..........             (no amulet)
HPRegen  0.14/turn              (no ring)
MPRegen  0.09/turn              (no ring)

@: berserking, very quick
A: small, mutation resistance 1
a: no special abilities


You were on level 2 of the Dungeon.
You visited 1 branch of the dungeon, and saw 2 of its levels.

You collected 87 gold pieces.

Inventory:

Hand Weapons
 a - a +1 dagger of venom (weapon)
 b - a +2 hunting sling
 k - a +0 trident
 l - a +0 short sword
Missiles
 d - 17 sling bullets
 f - 41 bolts
 i - 54 stones (quivered)
 q - 3 poisoned darts
Armour
 c - a +0 leather armour
 h - a +0 pair of boots
 j - a +2 pair of boots (worn)
 o - a +0 scale mail (worn)
Jewellery
 e - an uncursed ring of wizardry {unknown}
 p - an uncursed amulet of the acrobat {unknown}
Wands
 m - a wand of digging (3)
Scrolls
 n - a scroll of fear


   Skills:
 + Level 2.0 Fighting
 + Level 2.0 Short Blades
 + Level 6.8 Slings
 + Level 1.4 Armour
 + Level 2.6 Dodging
 * Level 2.0 Stealth


You had 3 spell levels left.
You didn't know any spells.
Your spell library was empty.

Dungeon Overview and Level Annotations

Branches:
Dungeon (2/15)

Altars:


Innate Abilities, Weirdness & Mutations

You are small and have problems with some larger weapons.
You are somewhat resistant to further mutation.


Message History

You kill the orc priest!
The bat closely misses you.
Your Fighting skill increases to level 2!
Your Short Blades skill increases to level 2!
Your Stealth skill increases to level 2!
You closely miss the orc priest.
The orc priest hits you but does no damage.
You closely miss the orc priest. The bat misses you.
The orc hits you with a +0 club.
* * * LOW HITPOINT WARNING * * *
You barely miss the orc priest.
The orc priest mumbles some strange prayers to Beogh against you.
Pain shoots through your body!
* * * LOW HITPOINT WARNING * * *
You closely miss the orc priest.
You kill the bat!
The orc barely misses you.
The orc priest invokes the aid of Beogh against you.
Pain shoots through your body!
You die...

..#............#..#.#...
###.......#.##'#..#.#.##
'.#.........#.........#
#.#######...#........# ...
#.###....#.##........###. ......
#........#............... ......
#........#......o...............#
#.....####....†oo#..............#
#.....+......#.#@#............#..
#.....#..........##.......... #..
.....##.#.#..#†#.......#.#.. #..
......#.#.#.....###.####.#.#+##..
..#...#.#.#.....###.###..#.#.##..
..#...#.#.#.....##...........##..
......#.#.#.........#.#+##.#...†.
..#.#.#..)......##..#......#.....
..#.........#.>.....#......##....


You could see an orc priest and 2 orcs.

Vanquished Creatures
  An orc priest (D:2)
  An adder (D:2)
  An ooze (D:2)
  2 dart slugs (D:2)
  A leopard gecko (D:1)
  An orc (D:2)
  4 bats
  4 giant cockroaches (D:1)
  9 goblins
  3 hobgoblins (D:1)
  3 jackals (D:1)
  5 kobolds
  A ball python (D:1)
  A frilled lizard (D:1)
  4 rats
41 creatures vanquished.

Notes
Turn   | Place    | Note
-------+----------+-------------------------------------------
     0 | D:1      | promet the Halfling Hunter began the quest for the Orb.
     0 | D:1      | Reached XP level 1. HP: 14/14 MP: 1/1
    48 | D:1      | Reached skill level 6 in Slings
   189 | D:1      | Reached XP level 2. HP: 19/19 MP: 2/2
   754 | D:1      | Reached XP level 3. HP: 24/24 MP: 3/3
   836 | D:1      | Reached skill level 1 in Short Blades
  1277 | D:2      | Reached skill level 1 in Armour
  1507 | D:2      | Reached XP level 4. HP: 29/29 MP: 4/4
  1885 | D:2      | HP: 1/43 [orc priest/nerve-wracking pain (5)]
  1886 | D:2      | Killed from afar by an orc priest

Illustrated notes

Levels and vault maps discovered:
D:1:      saegor_arrival_miasma, layout_loops_corners, st_stairs_13,
          skrybe_limestone_x
D:2:      cheibrodos_pilgrimage, layout_basic, minivault_4

Skill      XL: |  1  2  3  4 |
---------------+-------------+-----
Slings         | 6 |  6.8
Short Blades   | 1 2 |  2.0
Armour         | 1 |  1.4
Fighting       | 2 |  2.0
Stealth        | 2 |  2.0
Dodging        | |  2.6

Action                   |  1- 3 |  4- 6 || total
-------------------------+-------+-------++-------
Melee: Short sword       |    92 |       ||    92
       Dagger            |     2 |    21 ||    23
 Fire: Hunting sling     |    32 |    10 ||    42
Throw: Stone             |     3 |       ||     3
  Use: Scroll            |     4 |       ||     4
       Potion            |     5 |     1 ||     6
 Stab: Sleeping          |     1 |       ||     1
Armor: Leather armour    |    23 |     1 ||    24
       Scale mail        |       |    18 ||    18
Dodge: Dodged            |    79 |    38 ||   117
